[Event "*** Titled Tuesday Blitz"]
[Site "Chess.com"]
[Date "2020.11.03"]
[Round "8"]
[White "Chopper1905"]
[Black "Baby_Legs"]
[Result "1-0"]
[WhiteElo "2930"]
[BlackElo "2723"]
[TimeControl "180+1"]
[EndTime "11:33:19 PST"]
[Termination "Chopper1905 won by resignation"]

1. d4 Nf6 2. Bf4 g6 3. e3 Bg7 4.
Nf3 O-O 5. h3 d6 6. Nbd2 b6 7.
Bc4 Bb7 8. O-O Nbd7 9. Re1 e6 10.
a4 a6 11. e4 Qe7 12. c3 h6 13.
Bh2 e5 14. Qb3 Kh7 15. Rad1 Nh5 16. Bd5 c6 17. Bc4 b5 18. Bf1 Nb6 19. a5 Nd7 20.
Qa3 Rfe8 21. c4 Nf4 22. d5 Nc5 23. b4 Nd7 24. dxc6 Bxc6 25. cxb5 axb5 26. Rc1 Rec8 27. Rc3 Nf8 28. Rec1 Qb7 29. Qa2 N8e6 30. Qc2 Bd7 31. Rxc8 Rxc8 32. Qd1 Ra8 33. Qc2 Rc8 34. Qb1 Ra8 35. h4 g5 36. hxg5 hxg5 37. g3 Ng6 38.
Ne1 Nd4 39. Nb3 g4 40. Nxd4 exd4 41. Nd3 Ne5 42. Nxe5 Bxe5 43. Bd3 Kg7 44. Qb3 Be6 45. Qd1 Qe7 46. Bxb5 Qg5 47. Bc4 Bxc4 48. Rxc4 Rh8 49. Rc2 Qh5 50. f4 gxf3 51. Rf2 Bxg3 52. Qxf3 Bxf2+ 53. Qxf2 Qd1+ 54. Kg2 Qg4+ 55. Qg3 Qxg3+ 56. Bxg3 Rb8 57.
Be1 Kf6 58. Kf3 Ke6 59. Ke2 d5 60. Kd3 dxe4+ 61. Kxe4 Kd6 62. Bg3+ Kc6 63. Bxb8 Kb5 64.
Kxd4 Kxb4 65. a6 Kb5 66. a7 Kb6 67. a8=Q 1-0

[Event "*** Titled Tuesday Blitz"]
[Site "Chess.com"]
[Date "2020.11.03"]
[Round "8"]
[White "ftorodent"]
[Black "Anton_Demchenko"]
[Result "0-1"]
[WhiteElo "2667"]
[BlackElo "2843"]
[TimeControl "180+1"]
[EndTime "11:33:20 PST"]
[Termination "Anton_Demchenko won on time"]

1. d4 Nf6 2. c4 g6 3. Nc3 Bg7 4. e4 O-O 5. Nf3 d6 6. Be2 Nbd7 7. O-O e5 8. Re1 Re8 9. Bf1 c6 10. Rb1 exd4 11. Nxd4 a6 12. f3 Qc7 13. Be3 b6 14. Qd2 Bb7 15. Rbd1 Rad8 16. b3 b5 17. cxb5 cxb5 18. Rc1 Qb8 19. Bf4 Ne5 20. Nd5 Bxd5 21. exd5 Nxd5 22. Bg3 Rc8 23. Nf5 gxf5 24. Qxd5 Rxc1 25.
Rxc1 Bh6 26. Rd1 Be3+ 27. Kh1 f4 28. Be1 Re6 29. Bb4 Bc5 30. Bxc5 dxc5 31. Qxc5 Ng6 32.
a4 bxa4 33. Bc4 Rb6 34. Qg5 Qe5 35. Qd8+ Kg7 36. bxa4 Rc6 37. Bxf7 Kxf7 38. Rd7+ Ne7 39. h3 Re6 40. Rd1 Qe2 41. Rc1 Rg6 42. Rg1 Qe5 43.
Qd3 a5 44. Qc4+ Kg7 45. Rd1 Re6 46. Rc1 Qf6 47. Rd1 Ng6 48. Rd7+ Kh6 49. Qc7 Re7 50.
Rxe7 Qxe7 51. Qxa5 Nh4 52. Qd2 Kg5 53. Qd3 Nf5 54.
Kh2 Qe1 0-1

[Event "*** Titled Tuesday Blitz"]
[Site "Chess.com"]
[Date "2020.11.03"]
[Round "8"]
[White "chessmachine14"]
[Black "vova-79"]
[Result "0-1"]
[WhiteElo "2349"]
[BlackElo "2493"]
[TimeControl "180+1"]
[EndTime "11:33:24 PST"]
[Termination "vova-79 won by checkmate"]

1. e4 e6 2. d4 d5 3. Nc3 dxe4 4.
Nxe4 Nd7 5. Nf3 Ngf6 6. Bd3 c5 7.
O-O Nxe4 8. Bxe4 Nf6 9. Bg5 cxd4 10. Nxd4 Be7 11. Bf3 O-O 12. Nb3 Qc7 13. Qe2 Bd7 14. Rad1 a6 15. Nd4 Rad8 16. Nf5 Bb4 17. Bxf6 gxf6 18.
Rd4 Bb5 19. c4 Rxd4 20. Nxd4 Qxc4 21. Qxc4 Bxc4 22. Rc1 Bxa2 23. Bxb7 a5 24. Nc6 Bd5 25. Nxb4 Bxb7 26. Rc7 Bxg2 27. Kxg2 axb4 28. Rb7 Rd8 29. Rxb4 Rd2 30. Rb7 f5 31. Kf3 Kg7 32. Ke3 Rc2 33.
b4 Rb2 34. b5 e5 35. b6 Kf6 36. Rb8 Rb3+ 37. Kd2 e4 38. Kc2 Rb5 39. Kc3 f4 40. b7 Kf5 41. Kc4 Rb1 42. Kc5 e3 43. fxe3 fxe3 44. Kc6 e2 45. Re8 Rc1+ 46. Kb6 e1=Q 47.
Rxe1 Rxe1 48. b8=Q Rb1+ 49. Kc7 Rxb8 50. Kxb8 Kg4 51.
Kc7 f5 52. Kd6 f4 53. Ke5 f3 54. Kd4 f2 55. Ke3 f1=Q 56. Ke4 Kh3 57. Ke5 Kxh2 58. Kd6 Kg3 59. Kc7 h6 60. Kb6 h5 61. Ka7 h4 62.
Ka8 h3 63. Kb8 h2 64. Ka7 h1=Q 65. Kb6 Qc1 66. Ka5 Qh2 67. Kb6 Qhb2+ 68. Ka7 Qca1# 0-1

[Event "*** Titled Tuesday Blitz"]
[Site "Chess.com"]
[Date "2020.11.03"]
[Round "8"]
[White "Shubinkirill2003"]
[Black "hungrycaterpillar4"]
[Result "0-1"]
[WhiteElo "2675"]
[BlackElo "2582"]
[TimeControl "180+1"]
[EndTime "11:33:25 PST"]
[Termination "hungrycaterpillar4 won by resignation"]

1. e4 c5 2. Nf3 Nc6 3. Bb5 g6 4. Bxc6 dxc6 5. d3 Bg7 6. h3 Qc7 7. a4 a5 8. Nbd2 e5 9. O-O h6 10. Nc4 Be6 11. b3 Ne7 12. Be3 b6 13. Qd2 f5 14. Qc3 f4 15. Bc1 g5 16. Bb2 Ng6 17.
Rae1 O-O-O 18. Ba3 Bf6 19. Nfd2 h5 20. Rb1 g4 21. h4 Be7 22. Bb2 Rd4 23. Ba3 Nxh4 24. Nxa5 bxa5 25. Bxc5 Bxc5 26. Qxc5 Ng6 27. Nc4 f3 28. b4 Bxc4 29. dxc4 h4 30. bxa5 Nf4 31. Rb6 Ne2+ 32. Kh2 g3+ 33. Kh1 fxg2+ 34. Kxg2 h3+ 35. Kf3 Rd6 36. Rfb1 g2 37. Rb8+ Qxb8 38. Rxb8+ Kxb8 39. Qxd6+ Kb7 40. Qb4+ Kc8 41. Qd6 g1=Q 42. Qxc6+ Kd8 43.
Qd6+ Ke8 44. Qe6+ Kf8 45. Qf6+ Kg8 46. Qe6+ Kh7 47. Qf5+ Qg6 48. Qxh3+ Kg7 49. Qd7+ Qf7+ 50. Qxf7+ Kxf7 51. Kxe2 Ra8 52. Kd3 Rxa5 53. Kc3 Rxa4 54. Kb3 Ra1 55. Kb4 Rf1 56. Kc5 Ke6 57. Kb6 Rxf2 58. c5 Rxc2 59. c6 Kd6 0-1

[Event "*** Titled Tuesday Blitz"]
[Site "Chess.com"]
[Date "2020.11.03"]
[Round "8"]
[White "bazar-wokzal"]
[Black "Enriquack"]
[Result "1/2-1/2"]
[WhiteElo "2511"]
[BlackElo "2292"]
[TimeControl "180+1"]
[EndTime "11:33:26 PST"]
[Termination "Game drawn by repetition"]

1. e4 c5 2. c3 d5 3. exd5 Qxd5 4. d4 Nf6 5. Nf3 Nc6 6. Be3 cxd4 7. cxd4 e6 8. a3 Be7 9. Nc3 Qd6 10. Qc2 O-O 11. Bd3 Bd7 12. O-O Rac8 13. Qd2 Nd5 14. Rac1 Rfd8 15. Ne4 Qb8 16. Nc5 Be8 17. Bb1 e5 18.
Bf5 exd4 19. Nxd4 Nxe3 20. fxe3 Nxd4 21. Bxc8 Nb3 22. Nxb3 Rxd2 23. Nxd2 Bc6 24. Bh3 Qe5 25. Rc3 Bc5 26. Nc4 Qe7 27. b4 Bd6 28. Nxd6 Qxd6 29.
b5 Qd2 30. Rfc1 Be8 31. Bg4 h5 32. Bxh5 Bxb5 33. Rc8+ Kh7 34. Bxf7 Qxe3+ 35. Kh1 Bc6 36. Bg8+ Kh6 37. Rg1 a5 38. Bf7 Qxa3 39. Rh8+ Kg5 40. Rh5+ Kf6 41. Rf1+ Ke7 42. Re5+ Kd8 43. Bd5 Kc7 44.
Bxc6 bxc6 45. h3 Qb4 46. Rf7+ Kb6 47. Ree7 Qd2 48. Kh2 Qd6+ 49. Kh1 a4 50. Rxg7 a3 51. Rb7+ Kc5 52. Rg5+ Kc4 53. Rg4+ Kc3 54. Ra7 Kb3 55.
Rga4 Qc5 56. Rxa3+ Qxa3 57. Rxa3+ Kxa3 58. h4 c5 59. h5 c4 60. h6 c3 61. h7 c2 62.
h8=Q c1=Q+ 63. Kh2 Qf4+ 64. Kh3 Qf5+ 65. g4 Qf3+ 66. Kh2 Qf2+ 67. Kh3 Qf3+ 68. Kh2 Qf2+ 69.
Kh3 Qf3+ 1/2-1/2

[Event "*** Titled Tuesday Blitz"]
[Site "Chess.com"]
[Date "2020.11.03"]
[Round "8"]
[White "tptagain"]
[Black "ShimanovAlex"]
[Result "0-1"]
[WhiteElo "2937"]
[BlackElo "2825"]
[TimeControl "180+1"]
[EndTime "11:33:28 PST"]
[Termination "ShimanovAlex won by checkmate"]

1. Nf3 d5 2. c4 c6 3. e3 Nf6 4. Nc3 a6 5. d4 b5 6. b3 Bf5 7. a4 b4 8. Nb1 e6 9. Nbd2 Bd6 10.
Bb2 a5 11. Be2 Nbd7 12. O-O Qb8 13. h3 h6 14. Ne1 O-O 15. Bd3 Ne4 16. Qc2 Ndf6 17. Nxe4 Bxe4 18. Bxe4 Nxe4 19. Nd3 f5 20. Ne5 Bxe5 21. dxe5 Qe8 22. f3 Ng3 23. Rf2 Rc8 24. Kh2 Qg6 25. Rc1 Kh7 26. Bd4 c5 27. Bb2 h5 28. h4 f4 29. Qxg6+ Kxg6 30. exf4 Nf5 31. g4 hxg4 32. fxg4 Ne3 33. Kg3 dxc4 34. bxc4 Rcd8 35. Rf3 Nd1 36. Rc2 Nxb2 37. Rxb2 Rd4 38. Rc2 Kh6 39. f5 exf5 40. gxf5 Re8 41. e6 Kh5 42. Re2 Rg4+ 43. Kf2 Rxh4 44. Re5 Kg4 45. f6 gxf6 46. Rxf6 Rh2+ 47. Ke3 Rh3+ 48. Ke4 Rc3 49. Kd5 b3 50. Rf2 Rc2 51. Rxc2 bxc2 52. Re1 Rd8+ 53. Kxc5 Rd1 54. Re4+ Kf5 55. e7 c1=Q 56. e8=Q Qa3+ 57. Kb5 Qb4+ 58.
Kc6 Rd6+ 59. Kc7 Qb6+ 60. Kc8 Rc6+ 61. Kd7 Rc7+ 62. Kd8 Qb8# 0-1

[Event "*** Titled Tuesday Blitz"]
[Site "Chess.com"]
[Date "2020.11.03"]
[Round "8"]
[White "VladaSviridova"]
[Black "annacramling"]
[Result "1-0"]
[WhiteElo "2280"]
[BlackElo "1986"]
[TimeControl "180+1"]
[EndTime "11:33:29 PST"]
[Termination "VladaSviridova won on time"]

1. d4 Nf6 2. c4 e6 3. Nf3 Bb4+ 4. Bd2 Be7 5. g3 d5 6. Bg2 c6 7.
Qc2 Nbd7 8. O-O O-O 9. cxd5 exd5 10. Nc3 Re8 11. Rfe1 Nf8 12. a3 Ne4 13. Nxe4 dxe4 14. Qxe4 Bxa3 15. Qc2 Bd6 16. e4 Bg4 17. h3 Bh5 18. e5 Be7 19. Bc3 Ne6 20. Qb3 Bxf3 21. Bxf3 Nxd4 22. Bxd4 Qxd4 23. Qxb7 Bc5 24. Re2 Rab8 25.
Qc7 Rb3 26. Qxc6 Reb8 27. Rf1 h6 28. e6 fxe6 29. Qxe6+ Kh8 30. Qe4 Qxe4 31. Bxe4 Rxb2 32. Rfe1 g5 33. Kg2 Rxe2 34. Rxe2 a5 35. Bc6 Rf8 36.
Bf3 a4 37. Ra2 Bb4 38. Rxa4 Bc5 39. Ra2 Bd6 40. Rc2 Kg7 41. Rc6 Rf6 42. h4 gxh4 43. gxh4 Rg6+ 44. Kh3 Rf6 45. Kg2 Rg6+ 46. Kf1 Rf6 47.
Ke2 Re6+ 48. Kd3 Rf6 49. Ke4 Kf7 50. Bh5+ Ke7 51. f3 Re6+ 52. Kd3 Rf6 53. Bg4 Rg6 54. h5 Rf6 55. Ke4 Rf7 56. Kd5 Rf6 57. Ra6 Bf4 58. Ra7+ Kf8 59. Rd7 Ke8 60. Rh7 1-0

[Event "*** Titled Tuesday Blitz"]
[Site "Chess.com"]
[Date "2020.11.03"]
[Round "8"]
[White "Jeffinho023"]
[Black "anasta10"]
[Result "0-1"]
[WhiteElo "2531"]
[BlackElo "2411"]
[TimeControl "180+1"]
[EndTime "11:33:30 PST"]
[Termination "anasta10 won by resignation"]

1. d4 Nf6 2. c4 g6 3. Nf3 d5 4. Nbd2 Bg7 5. e3 O-O 6. b3 c5 7. Bb2 Nc6 8. dxc5 Qa5 9. cxd5 Nxd5 10.
Bxg7 Kxg7 11. Bc4 Qxc5 12. Bxd5 Qxd5 13. O-O Bg4 14. h3 Bxf3 15. Nxf3 Rfd8 16. Qc2 Rac8 17. Rfd1 Qa5 18. Rxd8 Rxd8 19. a3 Qd5 20. b4 a6 21. Rc1 e5 22. Qb2 f6 23. Rc5 Qd1+ 24.
Kh2 e4 25. Ng5 Qd6+ 26. g3 Qe7 27. Rc4 Rd5 28. Rxe4 Ne5 29. Qb3 Rd6 30. Qc3 Rd5 31. f4 fxg5 32. Rxe5 Rxe5 33. Kg2 gxf4 34. gxf4 Kf6 35.
Kf3 Qe6 36. fxe5+ Qxe5 37. Qb3 Qf5+ 38. Kg3 Qg5+ 39. Kh2 Qe5+ 40. Kg2 Qe4+ 41. Kf2 Qf5+ 42. Ke2 Qxh3 43. Qc3+ Kg5 44. Qe5+ Qf5 45. Qe7+ Qf6 46. Qxh7 Qb2+ 47. Kf3 Qxa3 48. Qe7+ Kh6 49. Qxb7 Qa4 50. Qb6 Qa2 51. Qd4 Qf7+ 52. Kg4 Qf5+ 53. Kg3 Qg5+ 54.
Kf3 Qf5+ 55. Ke2 Qc2+ 56. Ke1 Qc1+ 57. Kf2 Kh5 58. Qe5+ g5 59. Qh8+ Kg4 60. Qd4+ Kh5 61. Qe4 Qb2+ 62. Kg3 Qf6 63. Qh7+ Qh6 64. Qf7+ Qg6 65.
Qh7+ Qxh7 0-1

[Event "*** Titled Tuesday Blitz"]
[Site "Chess.com"]
[Date "2020.11.03"]
[Round "8"]
[White "alexrustemov"]
[Black "BillieKimbah"]
[Result "1-0"]
[WhiteElo "2692"]
[BlackElo "2836"]
[TimeControl "180+1"]
[EndTime "11:33:32 PST"]
[Termination "alexrustemov won by resignation"]

1. d4 Nf6 2. c4 e6 3. Nf3 Bb4+ 4. Bd2 Be7 5. Nc3 O-O 6. e4 d5 7. Qc2 c5 8. e5 Nfd7 9. cxd5 exd5 10. Nxd5 Nc6 11.
Bd3 cxd4 12. Bxh7+ Kh8 13. Be4 Ndxe5 14. Nxe5 Nxe5 15.
Nxe7 Qxe7 16. O-O Qh4 17. g3 Qh5 18. f4 Ng4 19. Bb4 Re8 20. Rfe1 Rxe4 21. Rxe4 Bf5 22.
Rae1 Ne3 23. Qd3 Bxe4 24. Qxe4 Ng4 25. h4 Rd8 26. Be7 Re8 27. Qxb7 Ne3 28. Qd7 f6 29. Kf2 Qf7 30. Qxd4 Nf5 31. Qd7 Nxe7 32. Qe6 Qh5 33. b3 Qc5+ 34. Kg2 Kh7 35. Re2 a5 36. Kh3 Qc1 37.
Kg2 Qc5 38. Qe4+ Kh8 39. Qe6 Qc7 40. Qe4 Qd8 41. Qe6 Qb8 42. Kh2 Kh7 43. Qf7 Qa8 44.
Qe6 Qd8 45. Qf7 Qd6 46. Qe6 Qxe6 47. Rxe6 Kg6 48. Ra6 Nf5 49. Rxa5 Re2+ 50. Kh3 Re3 51. h5+ Kxh5 52. Rxf5+ Kg6 53. Ra5 Re2 54. Kg4 Rb2 55.
Kf3 f5 56. Ra6+ Kh5 57. Ra7 g5 58. fxg5 Kxg5 59. Ra5 Rb1 60. g4 Rf1+ 61. Kg2 Ra1 62. gxf5 Kf6 63. Kf3 Kf7 64. Ke4 Kf6 65. Kd4 1-0

[Event "*** Titled Tuesday Blitz"]
[Site "Chess.com"]
[Date "2020.11.03"]
[Round "8"]
[White "penguingm1"]
[Black "frederiksvane"]
[Result "1-0"]
[WhiteElo "2818"]
[BlackElo "2646"]
[TimeControl "180+1"]
[EndTime "11:33:33 PST"]
[Termination "penguingm1 won on time"]

1. d4 Nf6 2. c4 e6 3. Nc3 Bb4 4.
Qc2 O-O 5. Nf3 d6 6. g3 c5 7. Bg2 Nc6 8. dxc5 dxc5 9. O-O Nd4 10. Nxd4 cxd4 11. Rd1 e5 12. Bg5 Be6 13. Ne4 Be7 14.
Nxf6+ Bxf6 15. Bxf6 Qxf6 16. Bxb7 Rab8 17. Bg2 Rfc8 18.
b3 a5 19. c5 Bf5 20. Qc1 Bd7 21. Qa3 Qe7 22. Rac1 Rb5 23. e3 Rbxc5 24. Rxc5 Rxc5 25. h4 h5 26. exd4 exd4 27. Rxd4 Qe1+ 28. Kh2 Rc7 29. Qd6 Qc3 30. Rd3 Qc2 31. Rd2 Qc3 32. Be4 g6 33.
Rc2 Qxc2 34. Bxc2 Rxc2 35. Qxd7 Rxf2+ 36. Kg1 Rxa2 37. Qd8+ Kg7 38. Qd4+ Kg8 39. Qc5 Rb2 40. Qc8+ Kh7 41. Qf8 Rb1+ 42. Kg2 Rb2+ 43. Kh3 Rf2 44. Qe7 Rf5 45. Kg2 Kg8 46. Qe4 Kg7 47. Kg1 Kg8 48.
Qd4 Kh7 49. Qd8 Kg7 50. Kg2 Kh7 51. Kh3 Kg7 52. g4 Rf3+ 53. Kg2 hxg4 54. Qd4+ Kg8 55. Qd8+ Kh7 56. Qxa5 Rxb3 57. Qd5 Rf3 58. Qg5 Rf5 59. Qxg4 Kg7 60. Qd4+ Kg8 61. Kg3 Kh7 62. Kg4 Kg8 63.
Qd8+ Kg7 64. Qe8 Kh7 65. Qf8 Rf6 66. h5 Rf5 67. h6 1-0

[Event "*** Titled Tuesday Blitz"]
[Site "Chess.com"]
[Date "2020.11.03"]
[Round "8"]
[White "annamaja"]
[Black "dpopadic"]
[Result "1-0"]
[WhiteElo "2315"]
[BlackElo "2401"]
[TimeControl "180+1"]
[EndTime "11:33:34 PST"]
[Termination "annamaja won by resignation"]

1. e4 c5 2. Nf3 Nc6 3. d4 cxd4 4. Nxd4 Nf6 5. Nc3 e5 6. Ndb5 d6 7. Bg5 a6 8. Na3 b5 9. Nd5 Be7 10. Bxf6 Bxf6 11. c3 O-O 12. Nc2 Bg5 13. h4 Bh6 14. g4 Bf4 15. Nxf4 exf4 16. Qf3 Ne5 17. Qxf4 Bxg4 18.
Nd4 Qc7 19. Rg1 Be6 20. Qg3 g6 21. f4 Nc6 22. Nf3 Rae8 23. h5 Bf5 24. O-O-O Bxe4 25. hxg6 fxg6 26. Ng5 Bf5 27. Bg2 Na5 28. Bd5+ Kh8 29. Rh1 Re7 30. Rde1 Rg7 31. Qf2 Nc4 32. Qd4 h5 33.
Rh2 Ne5 34. fxe5 dxe5 35. Qxe5 Qd8 36. Nf7+ Rxf7 37. Bxf7 Qg5+ 38. Qe3 Qxe3+ 39. Rxe3 Rxf7 40. Kd2 Kg7 41. Ke2 Rf6 42. Re5 Kh6 43. Ke3 g5 44.
Rf2 Kg6 45. Rc5 h4 46. Ke2 Re6+ 47. Kf1 Bd3+ 48. Kg2 Be4+ 49. Kh3 Kh5 50. Rf8 Rg6 51.
Rh8+ Rh6 52. Rxh6+ Kxh6 53. Kg4 Bb1 54. Rc6+ Kg7 55.
Kxg5 h3 56. Rxa6 h2 57. Rh6 Bxa2 58. Rxh2 Kf7 59. Rd2 Ke6 60. Kf4 Bc4 61. Rd8 Ke7 62. Rd4 Ke6 63. Ke4 Bf1 64. Rd8 Ke7 65. Rb8 Kd6 66.
Kd4 Kc6 67. Rf8 Kb6 68. Rf6+ Ka5 69. Rxf1 1-0

[Event "*** Titled Tuesday Blitz"]
[Site "Chess.com"]
[Date "2020.11.03"]
[Round "8"]
[White "dropstoneDP"]
[Black "Firouzja2003"]
[Result "1/2-1/2"]
[WhiteElo "2913"]
[BlackElo "3061"]
[TimeControl "180+1"]
[EndTime "11:33:36 PST"]
[Termination "Game drawn - insufficient material"]

1. e4 e5 2. Nf3 Nc6 3. Bb5 a6 4. Ba4 d6 5. O-O Bd7 6. c3 g6 7.
d4 Bg7 8. Be3 Nf6 9. Nbd2 O-O 10.
h3 Nh5 11. Rc1 Qe8 12. Bc2 Kh8 13. Re1 f5 14. exf5 gxf5 15. dxe5 dxe5 16. Bc5 Rf6 17. g3 e4 18. Nh4 Rd8 19. Qe2 Ne5 20. Bd4 Rd6 21. Nc4 Nxc4 22. Bxg7+ Nxg7 23. Qxc4 c6 24. Rcd1 Rh6 25. Qd4 Qf8 26. Qe5 Re8 27. Qf4 Nh5 28. Qg5 Bc8 29. Rd4 Qg7 30. Qxg7+ Nxg7 31. Red1 Kg8 32. Rd8 Kf8 33. Kh2 Ke7 34. Rxe8+ Kxe8 35.
f3 exf3 36. Nxf3 f4 37. h4 fxg3+ 38. Kxg3 Nh5+ 39. Kf2 Rf6 40. Re1+ Kf8 41. Ke3 Re6+ 42. Kd4 Rf6 43. Ng5 Rd6+ 44. Kc5 Rd5+ 45. Kb6 h6 46. Ne6+ Bxe6 47. Rxe6 Rb5+ 48. Kc7 Rxb2 49. Bb3 a5 50. Rxh6 Ng3 51. Rf6+ Kg7 52. Rf4 Ne2 53. Rg4+ Kh6 54. Kxb7 Nxc3 55. Kxc6 a4 56. Bf7 Rc2 57. Rc4 Rc1 58. Be6 Nxa2 59. Rxc1 Nxc1 60. Kb5 a3 61. Kb4 a2 62. Bxa2 Nxa2+ 63. Kb3 Kh5 64. Kc2 Kxh4 1/2-1/2

[Event "*** Titled Tuesday Blitz"]
[Site "Chess.com"]
[Date "2020.11.03"]
[Round "8"]
[White "RobertoJBM"]
[Black "Borsuk_Konstantin"]
[Result "0-1"]
[WhiteElo "2783"]
[BlackElo "2620"]
[TimeControl "180+1"]
[EndTime "11:33:36 PST"]
[Termination "Borsuk_Konstantin won on time"]

1. d4 Nf6 2. c4 e6 3. Nc3 Bb4 4. Qc2 O-O 5. a3 Bxc3+ 6. Qxc3 b6 7. Bg5 Bb7 8. f3 c5 9. dxc5 bxc5 10. Bxf6 Qxf6 11.
Qxf6 gxf6 12. O-O-O Rd8 13. e3 d6 14. Ne2 Kf8 15.
Nc3 Ke7 16. Bd3 h6 17. Rd2 Nc6 18. Be4 Rab8 19. Bxc6 Bxc6 20. Rhd1 a6 21. e4 Rd7 22.
Rd3 Rg8 23. R1d2 h5 24. Nd1 Rg5 25. Ne3 Rg8 26. Rb3 Rb7 27. Rxb7+ Bxb7 28. Kc2 a5 29. b3 Bc6 30. Kc3 h4 31. h3 Rb8 32. Nc2 Ra8 33.
Ne1 Rg8 34. Nd3 Ra8 35. Ra2 Bd7 36. Rb2 Bc6 37. Kd2 e5 38. Kc3 Ke6 39. Rd2 f5 40.
exf5+ Kxf5 41. Nf2 Ke6 42. Re2 f5 43. Nd3 Kf6 44.
Rd2 Ke6 45. Re2 Kf6 46. Ne1 e4 47. fxe4 Bxe4 48. Nd3 Rg8 49. Ne1 Rg3+ 50. Kb2 Kg5 51. Rd2 Kf4 52. Rxd6 Re3 53. Rd1 Re2+ 54. Kc3 Re3+ 55.
Kb2 Kg3 56. b4 axb4 57. axb4 cxb4 58. c5 Rc3 59. Rd4 Rxc5 60. Rxb4 Kf2 61. Nf3 Bxf3 62.
gxf3 Kg3 63. Kb3 Kxh3 0-1

[Event "*** Titled Tuesday Blitz"]
[Site "Chess.com"]
[Date "2020.11.03"]
[Round "8"]
[White "kflorian98"]
[Black "tsaruk_maks"]
[Result "1/2-1/2"]
[WhiteElo "2751"]
[BlackElo "2584"]
[TimeControl "180+1"]
[EndTime "11:33:36 PST"]
[Termination "Game drawn - insufficient material"]

1. d4 Nf6 2. Nc3 d5 3. Bf4 e6 4. Nb5 Na6 5. e3 c6 6. Nc3 Bd6 7. Nf3 O-O 8. a3 c5 9. Bxa6 bxa6 10. Bxd6 Qxd6 11. dxc5 Qxc5 12. Qd4 Qb6 13. Na4 Qc7 14.
Qc5 Qb8 15. Qb4 Bd7 16. Nc5 Rc8 17. Qxb8 Raxb8 18. b4 a5 19. O-O axb4 20. axb4 Rxb4 21. Nxd7 Nxd7 22. Rxa7 Nc5 23. Rfa1 g6 24. h3 Rb7 25.
Ne5 Rcc7 26. Rxb7 Rxb7 27. g4 Nd7 28. Nf3 Rc7 29. Kg2 Kg7 30. g5 h6 31. h4 hxg5 32.
hxg5 Nc5 33. Ra2 Ne4 34. Rb2 Kf8 35. Ra2 Ke7 36. Rb2 Kd6 37. Rb6+ Ke7 38. Rb2 Kd6 39.
Ra2 Ke7 40. Kf1 f6 41. gxf6+ Kxf6 42. Nd4 g5 43. Ra6 Nc5 44. Rb6 Ke7 45. Kg2 Kf6 46. f3 Re7 47. Kg3 Kf7 48. Nc6 Rc7 49. Ne5+ Kf6 50. Ng4+ Ke7 51. Nf2 Nd7 52. Rb2 Ne5 53.
Nd3 Nc4 54. Rb3 Nxe3 55. Ne5 Nxc2 56. Rb6 Nd4 57. Kg4 Nf5 58. Kxg5 Nd6 59. Nc6+ Kd7 60.
Ne5+ Ke7 61. Ng6+ Kd7 62. Kf6 Ne8+ 63. Kf7 Nd6+ 64. Kf8 Rc8+ 65. Kg7 Nc4 66. Ra6 e5 67.
Kf6 e4 68. fxe4 dxe4 69. Nf4 e3 70. Kf5 Rf8+ 71. Kg4 Ne5+ 72. Kg3 Rxf4 73. Kxf4 e2 74. Ra1 e1=Q 75. Rxe1 Nd3+ 76. Ke4 Nxe1 1/2-1/2

[Event "*** Titled Tuesday Blitz"]
[Site "Chess.com"]
[Date "2020.11.03"]
[Round "8"]
[White "JiiHart"]
[Black "Akhayan"]
[Result "1/2-1/2"]
[WhiteElo "2086"]
[BlackElo "2254"]
[TimeControl "180+1"]
[EndTime "11:33:36 PST"]
[Termination "Game drawn - insufficient material"]

1. e4 e6 2. d4 d5 3. Nc3 Nf6 4. Bg5 Be7 5. e5 Nfd7 6. h4 c5 7. Nb5 O-O 8. Nd6 cxd4 9. Nxc8 Bxg5 10. hxg5 Qxg5 11. Qh5 Qxh5 12. Ne7+ Kh8 13. Rxh5 Nxe5 14. Rxe5 Nd7 15. Re2 Rae8 16. Nxd5 exd5 17. Rxe8 Rxe8+ 18. Be2 Nc5 19. O-O-O Ne6 20. Bg4 g6 21. Bxe6 fxe6 22. Rxd4 Kg7 23. Nf3 Kf6 24. Rf4+ Ke7 25. Ng5 h6 26.
Rf7+ Kd6 27. Nf3 Rb8 28. Rf6 Rg8 29. Kd2 b5 30. Rf7 a5 31. Ra7 a4 32. Ra6+ Ke7 33.
Kd3 Rf8 34. Rb6 g5 35. Nd4 Rf6 36. Rb7+ Kd6 37. Rxb5 Rxf2 38. Rb6+ Kc5 39. Rc6+ Kb4 40. a3+ Ka5 41. b4+ axb3 42. cxb3 Rxg2 43. Nxe6 Rg3+ 44. Kd4 Rxb3 45. Kxd5 Rxa3 46. Nd4 Rg3 47. Rxh6 Kb4 48. Rg6 Rg1 49. Ke5 Kc4 50. Nf3 Rg3 51. Nxg5 Ra3 52. Ne6 Ra5+ 53. Ke4 Ra4 54. Rg4 Ra1 55. Kf5+ Kd3 56.
Nf4+ Ke3 57. Rg3+ Kf2 58. Rb3 Ra5+ 59. Kg4 Ra8 60. Rf3+ Ke1 61. Nd3+ Kd2 62. Kg3 Rg8+ 63. Kf2 Rd8 64. Rg3 Rxd3 65. Rxd3+ Kxd3 1/2-1/2

[Event "*** Titled Tuesday Blitz"]
[Site "Chess.com"]
[Date "2020.11.03"]
[Round "8"]
[White "enriquetejedor"]
[Black "GMKrikor"]
[Result "0-1"]
[WhiteElo "2501"]
[BlackElo "2771"]
[TimeControl "180+1"]
[EndTime "11:33:37 PST"]
[Termination "GMKrikor won on time"]

1. e4 c5 2. Nf3 d6 3. c3 Nf6 4. Bd3 Nc6 5. h3 d5 6. e5 c4 7. exf6 cxd3 8. fxe7 Qxe7+ 9. Kf1 Bf5 10. b3 O-O-O 11. Ba3 Qf6 12. Bxf8 Rhxf8 13. Na3 Rfe8 14. Nb5 Re2 15. Nbd4 Nxd4 16. Nxd4 Rde8 17. Kg1 Bxh3 18. Nxe2 Rxe2 19. Qf1 Bf5 20. Rd1 Qg5 21. c4 dxc4 22.
bxc4 Be4 23. Rh3 Rxd2 24. Re1 Re2 25. Re3 Rxe1 26. Rxe1 f5 27. f3 d2 28. fxe4 dxe1=Q 29. Qxe1 Qe7 30. e5 Qc5+ 31. Kh1 Qxc4 32. e6 Kd8 33. Qe5 Qc1+ 34. Kh2 Qh6+ 35. Kg1 Ke7 36. Qxf5 Qe3+ 37. Kh2 Qh6+ 38. Kg1 Qxe6 39. Qxh7 Qf6 40. Kh2 Qe5+ 41. Kh3 b6 42. g3 Kd6 43. Kg2 a5 44. Qb1 Kc5 45.
Qc2+ Kb5 46. Qb3+ Kc5 47. Qc2+ Kd6 48. Qb1 Qd5+ 49. Kh3 b5 50. Qg6+ Qe6+ 51. Qg4 a4 52. Kh4 Qxg4+ 53. Kxg4 b4 54. Kf5 b3 55. axb3 axb3 56. Kg6 b2 57. g4 b1=Q+ 58. Kg5 Ke6 59. Kh5 Kf6 60. Kh4 g5+ 61. Kg3 Qd3+ 62. Kf2 Ke5 63.
Kg2 Kf4 0-1

[Event "*** Titled Tuesday Blitz"]
[Site "Chess.com"]
[Date "2020.11.03"]
[Round "8"]
[White "lamomiablanca"]
[Black "FontVella8"]
[Result "0-1"]
[WhiteElo "2291"]
[BlackElo "2487"]
[TimeControl "180+1"]
[EndTime "11:33:38 PST"]
[Termination "FontVella8 won by resignation"]

1. e4 c6 2. d4 d5 3. Nc3 dxe4 4. Nxe4 Nf6 5. Nxf6+ exf6 6. Nf3 Bd6 7. Be2 O-O 8. O-O Bg4 9. h3 Bh5 10. c4 Nd7 11. Be3 Qc7 12. Qd2 Rfe8 13. Rfe1 Rad8 14. Nh4 Bxe2 15. Rxe2 g6 16. Nf3 c5 17. d5 Ne5 18.
Nxe5 fxe5 19. Bg5 Rd7 20. Bf6 e4 21. Qh6 Bf8 22. Qh4 Qd6 23. Rae1 h6 24. Rxe4 Rxe4 25.
Rxe4 g5 26. Qg4 Rc7 27. Be5 Qg6 28. Bxc7 f5 29. Re6 Qxe6 30. dxe6 fxg4 31. Bd8 Bd6 32. hxg4 Be5 33. b3 Kf8 34. g3 Ke8 35. e7 Bd6 36. Kg2 Bxe7 37. Bxe7 Kxe7 38. f4 Ke6 39. Kf3 Kf6 40. Ke4 Ke6 41. a3 b6 42. b4 a6 43.
bxc5 bxc5 44. a4 a5 45. f5+ Kd6 46. f6 Ke6 47. f7 Kxf7 48. Kd5 Kf6 49. Kxc5 Ke5 50.
Kb5 Ke4 51. c5 Kf3 52. c6 Kxg4 53. c7 Kxg3 54. c8=Q h5 55. Qf5 Kh4 56. Kxa5 g4 57. Qf2+ g3 58. Qg2 Kg4 59. Kb4 h4 60. Kc3 h3 61.
Qe4+ Kg5 62. Kd3 g2 63. Qe3+ Kg4 64. Qe2+ Kg3 65. Qe3+ Kh2 66. a5 g1=Q 67. Qe7 Qd1+ 68. Kc4 Qc2+ 69. Kd5 Qd2+ 70. Kc6 Qxa5 71. Qe2+ Kg1 72.
Qe1+ Qxe1 0-1

[Event "*** Titled Tuesday Blitz"]
[Site "Chess.com"]
[Date "2020.11.03"]
[Round "8"]
[White "AntonovaNadezhda"]
[Black "VinzentSpitzl"]
[Result "1-0"]
[WhiteElo "2134"]
[BlackElo "2306"]
[TimeControl "180+1"]
[EndTime "11:33:38 PST"]
[Termination "AntonovaNadezhda won on time"]

1. d4 f5 2. Nf3 Nf6 3. g3 g6 4.
Bg2 Bg7 5. O-O O-O 6. c4 d6 7. Nc3 c6 8. Re1 Qc7 9. d5 e5 10. e4 fxe4 11. Nxe4 Nxe4 12. Rxe4 Bf5 13. Re1 Nd7 14. Nh4 a5 15. Nxf5 gxf5 16. dxc6 bxc6 17. Qa4 e4 18. Bf4 Nc5 19. Qc2 Nd3 20. Red1 Nxf4 21.
gxf4 a4 22. Rab1 Kh8 23. Kh1 Bh6 24. Qd2 d5 25. cxd5 Bxf4 26. d6 Bxd2 27. dxc7 Bf4 28.
Rd7 Rac8 29. Bh3 Rxc7 30. Rxc7 Bxc7 31. Rc1 Rf6 32. Rc4 Be5 33. Rxa4 Bxb2 34. Rc4 Kg7 35. a4 Kg6 36. Kg2 Kg5 37. Kf1 Kf4 38. Ke2 Rd6 39.
Rc5 Rd5 40. Rxc6 Ra5 41. Rc4 Ke5 42. f3 Bd4 43. fxe4 fxe4 44. Bd7 Kd5 45. Bb5 Ra7 46. Rc8 Be5 47. Bc6+ Kd4 48. Bb5 Rg7 49. Rc4+ Kd5 50. Rc8 Ke6 51. Re8+ Kf5 52. Rf8+ Bf6 53. Re8 Be7 54.
Bd7+ Kf4 55. Bc6 Rg2+ 56. Kf1 Rg7 57. Ke2 Rf7 58. Rg8 e3 59. Rg3 Bc5 60. Rf3+ 1-0